Cogmind - Beta 16.1 @@@ ROGUE MODE // 2026.04.18 @ 18:37:16 Player: beans Result: Destroyed by C-17 Slicer with Blade Saw Performance ------------- Evolutions (2) 1000 Regions Visited (6) 1200 Robots Destroyed (57) 285 Value Destroyed (1494) 1494 Prototype IDs (3) 60 Alien Tech Used (0) 0 Bonus (223) 223 TOTAL SCORE: 4262 Bonus ------- High Alert Combat Kills 23 Entered Garrisons 200 Cogmind --------- Core Integrity 0/550 Matter 75/300 Energy 54/100 System Corruption 0% Temperature Cool (0) Movement Core (100) Ox1 Location -8/Garrison Parts ------- > --- POWER (1) -------- (None) > --- PROPULSION (3) --- (None) > --- UTILITY (5) ------ Advanced Heat Sink Signal Interpreter > --- WEAPON (2) ------- Enhanced Autogun > --- INVENTORY (5) ---- Improved Spread Laser Improved Spread Laser High-powered Shotgun Improved Light Cannon Flak Cannon Peak State ------------ > --- POWER ------------ Light Ion Engine > --- PROPULSION ------- Light Treads Light Treads > --- UTILITY ---------- Heat Sink Signal Interpreter Improved Targeting Computer Improved Light Armor Plating Shock Absorption System > --- WEAPON ----------- Heavy EM Shotgun High-powered Shotgun > --- INVENTORY -------- High-powered Shotgun Enhanced Autogun Improved Light Cannon Improved Light Cannon Missile Launcher [Rating: 22] Favorites ----------- Power Light Ion Engine Engine Light Ion Engine Propulsion Light Treads Treads Light Treads Leg Aluminum Leg Utility Signal Interpreter Device Sensor Array Processor Signal Interpreter Protection Improved Light Armor Plating Weapon Improved Light Cannon Energy Gun Improved Spread Laser Ballistic Gun Assault Rifle Ballistic Cannon Improved Light Cannon Launcher Grenade Launcher Build | -11 -10 -10 -10 -9 -8 -8 ------- Run | Yrd Mat Min Exi Min Mat Gar Slots Evolved 4 | . . . . . 4 . Power . | . . . . . . . Propulsion 1 | . . . . . 1 . Utility 3 | . . . . . 3 . Weapon . | . . . . . . . Parts Attached 30 | 4 3 . . 6 15 2 Power 3 | 1 . . . . 2 . Engine 3 | 1 . . . . 2 . Core . | . . . . . . . Reactor . | . . . . . . . Propulsion 6 | 2 . . . 2 2 . Treads 4 | . . . . 2 2 . Leg 2 | 2 . . . . . . Wheel . | . . . . . . . Hover . | . . . . . . . Flight . | . . . . . . . Utility 8 | . 2 . . 1 4 1 Device 5 | . 1 . . 1 2 1 Storage . | . . . . . . . Processor 2 | . 1 . . . 1 . Hackware . | . . . . . . . Protection 1 | . . . . . 1 . Artifact . | . . . . . . . Weapon 13 | 1 1 . . 3 7 1 Energy Gun 3 | . . . . . 3 . Energy Cannon . | . . . . . . . Ballistic Gun 4 | 1 . . . . 3 . Ballistic Cannon 4 | . . . . 3 1 . Launcher 2 | . 1 . . . . 1 Special Weapon . | . . . . . . . Impact Weapon . | . . . . . . . Slashing Weapon . | . . . . . . . Piercing Weapon . | . . . . . . . Special Melee Weapon . | . . . . . . . Unidentified Prototypes 3 | . . . . . 3 . Parts Lost 20 | . . 2 . 4 9 5 Power 3 | . . . . 1 1 1 Propulsion 5 | . . 1 . . 2 2 Utility 6 | . . . . 1 4 1 Weapon 6 | . . 1 . 2 2 1 Highest Loss Streak 9 | . . 2 . 3 9 3 To Critical Strikes . | . . . . . . . Average Backups 4 | . 1 5 5 4 4 4 Power . | . . . . . . . Propulsion . | . . . . . . . Utility . | . . . . 1 . . Weapon 4 | . 1 5 5 3 4 4 Tool/Special . | . . . . . . . Unused Backups 7 | . 2 . . 3 2 . Power . | . . . . . . . Propulsion . | . . . . . . . Utility 2 | . 1 . . 1 . . Weapon 5 | . 1 . . 2 2 . Tool/Special . | . . . . . . . Average Slot Usage (%) 69 | . 88 90 71 67 66 54 Engine 6 | . 14 14 14 . 4 2 Treads 9 | . . . . 14 11 16 Leg 8 | . 28 23 14 6 . . Device 11 | . 9 14 14 7 12 8 Processor 12 | . 9 14 14 14 14 9 Protection 1 | . . . . . 5 . Energy Gun 3 | . . . . . 9 7 Ballistic Gun 7 | . 14 14 14 1 6 5 Ballistic Cannon 5 | . . . . 21 2 . Launcher 2 | . 11 9 . . . 5 Peak Build Rating 22 | 4 7 7 5 9 22 19 Average Rating 11 | 2 6 6 5 6 18 16 On Entrance 7 | . 4 7 5 5 9 19 Avg Prop Armor Cover (%) . | . . . . . . . Naked Turns . | . . . . . . . Heaviest Build 17 | 5 9 9 6 9 17 14 Greatest Support 40 | 20 20 20 10 40 40 40 Greatest Overweight (x) 4 | 1 . . . . 4 1 Average Overweight (x) . | . . . . . . . Largest Inventory Capacity 5 | 5 5 5 5 5 5 5 Average Capacity 5 | 5 5 5 5 5 5 5 Most Carried 5 | 2 5 5 5 5 5 5 Average Carried 4 | . 2 5 5 4 4 4 Final Capacity 5 | 5 5 5 5 5 5 5 Final Carried 5 | . 5 5 5 5 5 5 Class Distribution -------------------- 81% | Mutant 18% | Scavenger-Mutant Dominant Class ---------------- Mutant | -10/Materials Mutant | -10/Mines Mutant | -10/Exiles Mutant | -9/Mines Scavenger-Mutant | -8/Materials Mutant | -8/Garrison Resources | -11 -10 -10 -10 -9 -8 -8 ----------- Run | Yrd Mat Min Exi Min Mat Gar Matter Collected 1213 | 190 68 43 . 412 367 133 Remotely . | . . . . . . . Salvage Created 1438 | . 110 85 . 131 854 258 Parts 83 | . 15 2 . 7 46 13 Haulers Intercepted 1 | . 1 . . . . . Recyclers Shooed . | . . . . . . . Parts Field Recycled . | . . . . . . . Retrieved Matter . | . . . . . . . Parts Self-Destructed . | . . . . . . . Prevented . | . . . . . . . Parts Restored . | . . . . . . . Kills | -11 -10 -10 -10 -9 -8 -8 ------- Run | Yrd Mat Min Exi Min Mat Gar Combat Hostiles Destroyed 49 | . 6 4 . 5 20 14 Melee 1 | . . . . . . 1 Guns 26 | . . 3 . 1 18 4 Cannons 7 | . . . . 4 2 1 AOE 15 | . 6 1 . . . 8 Classes Destroyed 12 | . 4 1 . 2 4 1 Worker 2 | . 1 . . 1 . . Hauler 1 | . 1 . . . . . Recycler 3 | . . . . 1 2 . Operator 1 | . . . . . 1 . Watcher 3 | . 3 . . . . . Swarmer 23 | . 6 . . 3 7 7 Cutter 1 | . . . . . . 1 Grunt 17 | . . 4 . . 7 6 Brawler 1 | . . . . . 1 . Duelist 2 | . . . . . 2 . Sentry 3 | . . . . . 3 . Assembled 2 | . . . . 2 . . Best Kill Streak 11 | . 4 2 . 4 11 7 Combat Bots Only 11 | . 3 2 . 2 11 7 Max Kills in Single Turn 4 | . 3 1 . 1 1 4 Gunslinging . | . . . . . . . Exploded 4 | . 3 1 . . . 4 Melee 1 | . . . . . . 1 Uniques/NPCs Destroyed . | . . . . . . . Combat | -11 -10 -10 -10 -9 -8 -8 -------- Run | Yrd Mat Min Exi Min Mat Gar Hostile Shots Fired 297 | . 26 16 . 65 107 83 Missed 77 | . 7 4 . 18 27 21 Hits 220 | . 19 12 . 47 80 62 Melee 14 | . . . . 2 5 7 Projectile 206 | . 19 12 . 45 75 55 AOE 2 | . . . . . . 2 Critical Strikes 8 | . 1 . . . 4 3 Damage Taken 2822 | . 198 156 . 436 1141 891 Core 750 | . 70 24 . 96 313 247 Absorbed by Shields . | . . . . . . . Core Remaining (%) 62 | 100 . . . 24 . . Volleys Fired 137 | . 12 10 . 26 56 33 Largest 2 | . 2 2 . 2 2 2 Hottest 150 | . 50 50 . 66 150 150 Shots Fired 238 | . 22 19 . 43 110 44 Gun 157 | . 12 10 . 9 98 28 Cannon 48 | . . . . 34 12 2 Launcher 33 | . 10 9 . . . 14 Special . | . . . . . . . Kinetic 136 | . 12 10 . 43 59 12 Thermal 36 | . . . . . 18 18 Explosive 33 | . 10 9 . . . 14 Electromagnetic 33 | . . . . . 33 . Robot Hit Streak 23 | . 2 17 . 20 23 17 Robot Miss Streak 8 | . 5 . . 6 8 4 Penetration Max . | . . . . . . . Secondary Targets 5 | . . . . . 3 2 Max Gunslinging Chain 1 | . . . . . 1 1 Shots Hit Robots 136 | . 2 15 . 17 75 27 Core Hits 119 | . 17 10 . 8 50 34 Critical Kills 1 | . . . . . 1 . Critical Parts Destroyed 1 | . . 1 . . . . Critical Strikes 2 | . . 1 . . 1 . Destroy 2 | . . 1 . . 1 . Melee Attacks . | . . . . . . . Impact . | . . . . . . . Slashing . | . . . . . . . Piercing . | . . . . . . . Sneak Attacks . | . . . . . . . Combat Hostiles . | . . . . . . . Follow-up Attacks . | . . . . . . . Damage Inflicted 4206 | . 431 498 . 337 1631 1309 Guns 2124 | . 43 102 . 54 1542 383 Cannons 392 | . . . . 283 89 20 Explosions 1684 | . 388 396 . . . 900 Melee . | . . . . . . . Ramming 6 | . . . . . . 6 Kinetic 1375 | . 43 102 . 337 808 85 Thermal 585 | . . . . . 267 318 Explosive 1684 | . 388 396 . . . 900 Electromagnetic 556 | . . . . . 556 . Impact . | . . . . . . . Slashing . | . . . . . . . Piercing . | . . . . . . . Highest Corruption 2 | . . . . 2 . . Average Corruption 2 | . . . . 2 . . Corruption Purged . | . . . . . . . Corruption Blocked . | . . . . . . . Overload Shots . | . . . . . . . Overflow Damage 8 | . 3 . . . . 5 Projectiles . | . . . . . . . Explosions 8 | . 3 . . . . 5 Melee . | . . . . . . . Knockbacks 10 | . . . . 7 1 2 Impact . | . . . . . . . Kinetic 9 | . . . . 6 1 2 Secondary 1 | . . . . 1 . . Self-Inflicted Damage 123 | . 40 . . . . 83 Shots 4 | . 1 . . . . 3 Rammed 2 | . . . . . . 2 Targets Rammed 5 | . . . . 2 . 3 Kicked 2 | . . . . 2 . . Crushed 1 | . . . . . . 1 Highest Temperature 414 | . . 23 . . 414 356 Average Temperature 90 | . . 9 . . 83 130 Received Heat Transfer 747 | . . 90 . . 504 153 Effects 3 | . . . . . 3 . Shutdowns 1 | . . . . . 1 . Energy Bleed 1 | . . . . . 1 . Matter Decay 1 | . . . . . 1 . Siege Activations . | . . . . . . . Martial Activations . | . . . . . . . Shielding Activations . | . . . . . . . Robots Disrupted . | . . . . . . . Combat Hostiles . | . . . . . . . Robots Corrupted . | . . . . . . . Combat Hostiles . | . . . . . . . Parts Fried 1 | . . . . . 1 . Impact Corruptions . | . . . . . . . Robots Melted . | . . . . . . . Combat Hostiles . | . . . . . . . Parts Melted . | . . . . . . . Heat Transferred 480 | . . . . . 220 260 Parts Sabotaged . | . . . . . . . Parts Stolen . | . . . . . . . Parts Stripped . | . . . . . . . Power Chain Reactions . | . . . . . . . Alert | -11 -10 -10 -10 -9 -8 -8 ------- Run | Yrd Mat Min Exi Min Mat Gar Maximum Alert Level 2 | . . . . . 1 2 Low Security (%) 69 | 100 100 100 . 100 58 7 Level 1 28 | . . . . . 41 77 Level 2 2 | . . . . . . 15 Level 3 . | . . . . . . . Level 4 . | . . . . . . . Level 5 . | . . . . . . . High Security . | . . . . . . . Max Security . | . . . . . . . Peak Influence 501 | . 181 142 . 85 297 501 Initial 195 | . . 66 . . . 195 Average 124 | . 87 98 . 23 128 306 Influence Increases 1524 | . 251 146 . 157 614 356 Destroy 0b10 Robot/C 940 | . 120 80 . 60 400 280 Destroy 0b10 Robot/NC 55 | . 25 . . 10 15 5 Destroy Leader 158 | . 28 20 . 10 90 10 Successful Hack 12 | . . . . . 12 . Select Force Hacks 50 | . . . . . 50 . Disable Machine 90 | . 15 . . 45 15 15 Destroy Structure 159 | . 63 46 . 2 2 46 Lose Combat Pursuer 60 | . . . . 30 30 . Influence Decreases 1023 | . 80 245 72 157 313 156 Entered New Map 283 | . . 105 72 . . 106 Time Decay 548 | . 80 120 . 125 223 . Lost Part 192 | . . 20 . 32 90 50 Squads Dispatched 5 | . 1 . . . 4 . Investigation 1 | . . . . . 1 . Extermination . | . . . . . . . Reinforcement 1 | . 1 . . . . . Assault . | . . . . . . . Garrison 3 | . . . . . 3 . Intercept . | . . . . . . . Searches Triggered . | . . . . . . . Construction Impeded . | . . . . . . . Haulers Reinforced . | . . . . . . . Active Scanning Responses . | . . . . . . . Cargo Convoy Interrupts . | . . . . . . . Stealth | -11 -10 -10 -10 -9 -8 -8 --------- Run | Yrd Mat Min Exi Min Mat Gar Distress Signals 5 | . 1 . . . 4 . Communications Jammed . | . . . . . . . Distress Signals . | . . . . . . . Times Spotted 64 | . 9 4 . 8 27 16 Peak Tracking Total 6 | . 3 2 . 3 4 6 Tactical Retreats 3 | . . . . 1 2 . Traps | -11 -10 -10 -10 -9 -8 -8 ------- Run | Yrd Mat Min Exi Min Mat Gar Traps Triggered . | . . . . . . . Indirectly . | . . . . . . . Trap Hack Attempts . | . . . . . . . Triggered . | . . . . . . . Disarmed . | . . . . . . . Reprogrammed . | . . . . . . . Reused . | . . . . . . . Traps Extracted . | . . . . . . . Installed . | . . . . . . . Triggered . | . . . . . . . Machines | -11 -10 -10 -10 -9 -8 -8 ---------- Run | Yrd Mat Min Exi Min Mat Gar Machines Disabled 7 | . 2 . . 3 1 1 Max in Single Turn 1 | . 1 . . 1 1 1 Machines Repaired . | . . . . . . . Machines Dismantled . | . . . . . . . Machines Sabotaged 1 | . . . . . 1 . Overloaded Fab Kills . | . . . . . . . Hacking | -11 -10 -10 -10 -9 -8 -8 --------- Run | Yrd Mat Min Exi Min Mat Gar Machines Accessed 7 | . . . 4 . 3 . Terminals 1 | . . . . . 1 . Fabricators . | . . . . . . . Repair Stations . | . . . . . . . Recycling Units 1 | . . . . . 1 . Scanalyzers . | . . . . . . . Garrison Access 1 | . . . . . 1 . Total Hacks 10 | . . . 4 . 6 . Successful 9 | . . . 4 . 5 . Failed 1 | . . . . . 1 . Catastrophic . | . . . . . . . Database Lockouts . | . . . . . . . Manual 5 | . . . . . 5 . Terminals 2 | . . . . . 2 . Fabricators . | . . . . . . . Repair Stations . | . . . . . . . Recycling Units 3 | . . . . . 3 . Scanalyzers . | . . . . . . . Garrison Access 1 | . . . . . 1 . Terminal Hacks 5 | . . . 4 . 1 . Record 4 | . . . 4 . . . Assault Status 1 | . . . . . 1 . Fabricator Hacks . | . . . . . . . Repair Station Hacks . | . . . . . . . Recycling Unit Hacks . | . . . . . . . Scanalyzer . | . . . . . . . Garrison Access Hacks 1 | . . . . . 1 . Unlock Access 1 | . . . . . 1 . Unauthorized Hacks 1 | . . . . . 1 . Terminals 1 | . . . . . 1 . Sabotage 1 | . . . . . 1 . Fabricators . | . . . . . . . Repair Stations . | . . . . . . . Recycling Units . | . . . . . . . Scanalyzers . | . . . . . . . Garrison Access . | . . . . . . . Data Cores Recovered 1 | . . . . . 1 . Used . | . . . . . . . Hacking Detections 1 | . . . . . 1 . Full Trace Events . | . . . . . . . Feedback Events . | . . . . . . . Feedback Blocked . | . . . . . . . Robot Schematics Acquired . | . . . . . . . Robots Built . | . . . . . . . Authchips . | . . . . . . . Time . | . . . . . . . Total Robot Build Rating . | . . . . . . . Part Schematics Acquired . | . . . . . . . Parts Built . | . . . . . . . Authchips . | . . . . . . . Time . | . . . . . . . Total Part Build Rating . | . . . . . . . Part Studies Acquired . | . . . . . . . Parts Repaired . | . . . . . . . Time . | . . . . . . . Parts Recycled . | . . . . . . . Recycled Matter . | . . . . . . . Retrieved Matter . | . . . . . . . Retrieved Components . | . . . . . . . Parts Scanalyzed . | . . . . . . . Part Schematics Acquired . | . . . . . . . Parts Damaged . | . . . . . . . Bothacking | -11 -10 -10 -10 -9 -8 -8 ------------ Run | Yrd Mat Min Exi Min Mat Gar Used RIF Installer . | . . . . . . . Robots Hacked . | . . . . . . . Non-combat . | . . . . . . . Combat . | . . . . . . . Robot Hacks Applied . | . . . . . . . Relay Couplers Released . | . . . . . . . Fabnet Peak Effective % . | . . . . . . . Robots Rewired . | . . . . . . . Allies Hacked . | . . . . . . . Hacks Repelled . | . . . . . . . Allies | -11 -10 -10 -10 -9 -8 -8 -------- Run | Yrd Mat Min Exi Min Mat Gar Total Allies . | . . . . . . . Largest Group . | . . . . . . . Highest-Rated Group . | . . . . . . . Highest-Rated Ally . | . . . . . . . Total Orders . | . . . . . . . Ally Attacks . | . . . . . . . Total Damage . | . . . . . . . Kills . | . . . . . . . Allies Corrupted . | . . . . . . . Allies Melted . | . . . . . . . Intel | -11 -10 -10 -10 -9 -8 -8 ------- Run | Yrd Mat Min Exi Min Mat Gar Active Infowar (turns) 696 | . 132 250 305 9 . . Sensors 696 | . 132 250 305 9 . . Robot Analysis Total . | . . . . . . . Derelict Logs Recovered 2 | . . 1 . 1 . . Drone Launches . | . . . . . . . Drone Recoveries . | . . . . . . . Exploration | -11 -10 -10 -10 -9 -8 -8 ------------- Run | Yrd Mat Min Exi Min Mat Gar Turns Passed 2268 | 39 189 250 305 468 666 351 Spaces Moved 1179 | 35 118 147 255 262 219 143 Core 58 | 17 . . . . 37 4 Treads 449 | . . . . 128 182 139 Legs 672 | 18 118 147 255 134 . . Wheels . | . . . . . . . Hover . | . . . . . . . Flight . | . . . . . . . Fastest Speed 50 | 50 120 120 120 120 150 100 Average Speed 137 | 90 120 120 120 139 168 158 Slowest Speed 250 | 120 120 120 120 160 250 160 Overloaded Moves . | . . . . . . . Propulsion Burnouts . | . . . . . . . Robots Hopped . | . . . . . . . Potential Cave-ins . | . . . . . . . Cave-ins Triggered . | . . . . . . . Exploration Rate (%) 34 | 3 35 44 62 49 22 24 Regions Visited 6 Branch Regions 3 Pre-discovered Areas 1 | . . . . 1 . . Known Exits Taken 5 | . 1 1 1 1 1 . Unknown Exits Taken 1 | 1 . . . . . . Scrap Searched . | . . . . . . . Spaces Dug 13 | . . . . . . 13 Terrain Destroyed 193 | . 66 74 . 2 . 51 Melee . | . . . . . . . Projectile 2 | . . . . 2 . . AOE 191 | . 66 74 . . . 51 Terrain Rammed . | . . . . . . . Walls Destroyed . | . . . . . . . Machines Disabled . | . . . . . . . Actions | -11 -10 -10 -10 -9 -8 -8 --------- Run | Yrd Mat Min Exi Min Mat Gar Total 1587 | 42 144 201 254 322 404 220 Wait 192 | . . 45 . 17 98 32 Move 1174 | 34 117 146 254 261 219 143 Hop . | . . . . . . . Pick Up 29 | 4 10 . . 6 8 1 Fast Attach 13 | . . . . 3 7 3 Attach 17 | 4 3 . . 3 6 1 Detach 1 | . . . . . 1 . Swap 9 | . . . . . 5 4 Drop 10 | . 2 . . 4 4 . Fire 137 | . 12 10 . 26 56 33 Melee . | . . . . . . . Ram . | . . . . . . . Kick 2 | . . . . 2 . . Crush 3 | . . . . . . 3 Escape Stasis . | . . . . . . . Rewire . | . . . . . . . Trap . | . . . . . . . Miscellaneous . | . . . . . . . Route ------- -11/Scrapyard -10/Materials -10/Mines -10/Exiles -9/Mines -8/Materials (discovered 2 exits: *Fac / Gar) -8/Garrison History --------- Turn | Location | Event 3 | -11/Scrapyard | Discovered new exit (range 15) 40 | -11/Scrapyard | Entered Materials 164 | -10/Materials | Discovered new exit (range 12) 228 | -10/Materials | Identified exit to Mines 229 | -10/Materials | Entered Mines 261 | -10/Mines | Learned Materials security intel 301 | -10/Mines | Build established: Mutant 474 | -10/Mines | Deemed a non-threat by the Exiles lab entrance 474 | -10/Mines | Discovered new exit (range 5) 477 | -10/Mines | Identified exit to Exiles 479 | -10/Mines | Entered Exiles 479 | -10/Exiles | Found Exiles lab abandoned 774 | -10/Exiles | Discovered new exit (range 10) 783 | -10/Exiles | Identified exit to Mines 784 | -10/Exiles | Entered Mines 789 | -9/Mines | Core integrity fell below 50% 844 | -9/Mines | Lost 3 parts (1p1u1w) 880 | -9/Mines | Assembled infested the area 974 | -9/Mines | Joined a pair of Derelicts in attacking an 0b10 outpost 1040 | -9/Mines | Learned location of Storage (-8) 1238 | -9/Mines | Discovered new exit (range 8) 1251 | -9/Mines | Identified exit to Materials 1252 | -9/Mines | Entered Materials 1252 | -8/Materials | Evolved 4 slots: Propulsion x1, Utility x3 1493 | -8/Materials | Discovered new exit (range 3) 1533 | -8/Materials | Identified exit to Factory 1560 | -8/Materials | Build established: Scavenger-Mutant 1616 | -8/Materials | Garrison activated, responded to threat 1723 | -8/Materials | Destroyed 11 combat bots 1724 | -8/Materials | Lost 9 parts (1p2n4u2w) 1906 | -8/Materials | Core integrity fell below 50% 1918 | -8/Materials | Identified exit to Garrison 1918 | -8/Materials | Entered Garrison 1955 | -8/Garrison | Build established: Mutant 2026 | -8/Garrison | Triggered checkpoint 2200 | -8/Garrison | Triggered checkpoint 2234 | -8/Garrison | Triggered checkpoint 2246 | -8/Garrison | Triggered checkpoint 2247 | -8/Garrison | Core integrity fell below 20% 2258 | -8/Garrison | Destroyed 7 combat bots 2269 | -8/Garrison | Destroyed by C-17 Slicer with Blade Saw Last Messages --------------- sounds. Lgt. Treads destroyed. S-10 Pest destroyed. The unstable cave ceiling collapses. Acquired 6 matter. Acquired 5 matter. Beams of light sweep through the air. An alarm sounds. The unstable cave ceiling collapses. Lgt. Treads destroyed. Knocked back. Enh. Autogun severed. Missile Launcher destroyed. Acquired Enh. Autogun. Enh. Autogun severed. Acquired Enh. Autogun. C-17 Slicer knocked back. C-17 Slicer destroyed. Flak Cannon severed. Acquired Flak Cannon. Map ----- +----------------------------------------------------+ | ?????????????????????????????????????????????????? | | ?????????????????????????????????????????????????? | | ?????????????????????????????????????????????????? | | ?????????????????????????????????????????????????? | | ?????????????????????????????????????????????????? | | ?????????????????????????????????????????????????? | | ?????????????????????????????????????????????????? | | ?????????????????????????????????????????????????? | | ?????????????????????????????????????????????????? | | ?????????????????????????????????????????????????? | | ?????????????????????????????????????????????????? | | ?????????????????????????????????????????????????? | | ?????????????????????????????????????????????????? | | ?????????????????????????????????????????????????? | | ?????????????????????????????????????????????????? | | ???????? ????????????????????????????????????????? | | ???????? ##""""######???????????????????????????? | | ??????? #???????????????????????????? | | ???????? ???????????????????????????? | | ?????????? ???????????????????????????? | | ??????? ???# ## #???????????????????????????? | | ??????# ## ###?????????????????????????? | | ????? #?????????????????????????? | | ????? #?????????????????????????? | | ????? ########??????????????????? | | ????? =c@c #??????????????????? | | ??????# ## # ######## #??????????????????? | | ??????# # [# ####?????????????????? | | ??????# #?????????????????? | | ??????# #?????????????????? | | ??????# ## #?????????????????? | | ??????## ## [ # ### #?????????????????? | | ???????# ??# # # ##?# #?????????????????? | | ???????????####?# ## ##??# #?????????????????? | | ????????????????# # ####???# #?????????????????? | | ????????????????### #??????# #?????????????????? | | ?????????????????? ??????# #?????????????????? | | ?????????????????! ??????# #?????????????????? | | ????????????????"! ??????# #?????????????????? | | ???????????????#"! ??????# #?????????????????? | | ???????????????#"! ??????# #?????????????????? | | ????????????????"! ?????# #?????????????????? | | ????????????????"! ?????# #?????????????????? | | ?????????????????" ??????# #?????????????????? | | ???????????????????!????????# #?????????????????? | | ????????????????????????????# #?????????????????? | | ????????????????????????????# #???????#####?????? | | ????????????????????????????# #???????# ####### | | ????????????????????????????# ######### # ## # | | ????????????????????????????# [ | +----------------------------------------------------+ Best States ------------- Heat Dissipation 50 Energy Generation 10 Energy Capacity 125 Matter Stores 300 Matter Capacity 300 Sight Range 16 Robot Scan Range 14 Terrain Scan Density 10 Armor Coverage 150 Evasion (%) 55 Targeting Accuracy 6 Recoil Reduction 2 Matter Filtering 30 Item Schematics ----------------- None Robot Schematics ------------------ None Fabricated ------------ Nothing Repaired ---------- Nothing Studied --------- None Alien Tech Used ----------------- None Achievements -------------- None Challenges ------------ None Game ------ Seed SegregatorBladeProtection Manual? 0 Play Time 00:16:17 Cumulative 269.5 hours Start 2026.04.18 @ 18:23:09 End 2026.04.18 @ 18:37:16 Sessions 1 Manual Loads 0 Difficulty Rogue Special Mode None Game No. 708 Rogue 706 Adventurer 2 Explorer 0 Win Type - Total 0 Types 0/0/0/0/0/0/0/0/0/0 Lore% 67 Gallery% 64 Achievement% 44 Wizard Run 0 Options --------- Layout 2 ASCII 0 Keyboard 0 Movement Mouse Keybinds 0 Fullscreen 1 Font 24/Smallcaps Map View 50x44 Zoom Use 0% Tactical HUD 0 Map Filters NONE Filters NONE Steam 1 RUN: ffea4573-e366-44d8-acec-65453db419d8